 Dungeon Crawl Stone Soup version 0.29-a0-575-g0dc89cf053 (webtiles) character file.

Game seed: 14958168605601501480

18 Meatmasher the Grave Robber (level 2, -3/20 HPs)
             Began as a Ghoul Necromancer on June 13, 2022.
             Was a Follower of Cheibriados.
             Slain by a worm (6 damage)
             ... on level 2 of the Dungeon.
             The game lasted 00:05:12 (918 turns).

Meatmasher the Grave Robber (Ghoul Necromancer)      Turns: 918, Time: 00:05:13

Health: -3/20      AC:  2    Str: 14    XL:     2   Next: 70%
Magic:  0/3        EV: 12    Int: 13    God:    Cheibriados [*.....]
Gold:   49         SH:  0    Dex: 12    Spells: 3/4 levels left

rFire   . . .      SeeInvis .   (no weapon)
rCold   + . .      Faith    .   (no shield)
rNeg    + + +      Spirit   .   a - +0 robe
rPois   ∞          Reflect  .   (no helmet)
rElec   .          Harm     .   (no cloak)
rCorr   .          Rampage  .   (no gloves)
Will    .....                   (no boots)
Stlth   ++........              (no amulet)
HPRegen 0.00/turn               (no ring)
MPRegen 0.08/turn               (no ring)

@: inhibited regen, very slow
A: claws 1, cold resistance 1, negative energy resistance 3, inhibited
regeneration, torment resistance 2, devour on kill
a: Renounce Religion, Bend Time


You were on level 2 of the Dungeon.
You worshipped Cheibriados.
Cheibriados was aware of your devotion.
You visited 1 branch of the dungeon, and saw 2 of its levels.

You collected 49 gold pieces.

Inventory:

Hand Weapons
 d - a +0 hunting sling
 l - a +0 whip
 m - a +0 short sword
Missiles
 h - 3 javelins
Armour
 a - a +0 robe (worn)
 c - a +0 chain mail
 i - a +0 leather armour
Scrolls
 e - a scroll of enchant armour {unknown}
 j - 2 scrolls of teleportation {unknown}
Potions
 b - a potion of magic
 f - a potion of brilliance {unknown}
 g - a potion of flight {unknown}
 k - a potion of curing {unknown}


   Skills:
 + Level 1.7 Dodging
 + Level 2.3 Stealth
 + Level 0.1 Unarmed Combat
 + Level 1.8 Spellcasting
 + Level 4.6 Necromancy


You had 3 spell levels left.
You knew the following spells:

 Your Spells              Type           Power      Damage    Failure   Level
a - Necrotize             Necr           52%        1d6       3%          1

Your spell library contained the following spells:

 Spells                   Type           Power      Damage    Failure   Level
 Vampiric Draining        Necr           13%        2d6       12%         3
 Animate Dead             Necr           13%        N/A       36%         4
 Agony                    Necr           13%        N/A       71%         5


Dungeon Overview and Level Annotations

Branches:
Dungeon (2/15)

Altars:
Cheibriados


Innate Abilities, Weirdness & Mutations

You are immune to poison.
You have sharp fingernails.
Your flesh is cold resistant. (rC+)
You are immune to negative energy. (rN+++)
You do not regenerate when monsters are visible.
You are immune to unholy pain and torment.
You thrive by killing the living.


Message History

You kill the rat!
Cheibriados thoroughly appreciates the change of pace.
The dead are walking!
Things that are here:
a +0 short sword; a kobold corpse
m - a +0 short sword A sourceless malevolence fills the Dungeon... and a teleportation trap spontaneously manifests!
You are yanked towards a nearby monster!
Your surroundings suddenly seem different.
A worm comes into view.
Aiming: Necrotize (safe; 3% risk of failure)
Press: ? - help, Q - select action, (/) - cycle Shift-Dir - straight line, f - worm
Aim: a worm (asleep, chance to affect: 76%)
The worm writhes in agony.
You don't have enough magic to cast this spell.
The worm bites you!
Ouch! That really hurt!
You scratch the worm.
The worm is moderately wounded.
The worm closely misses you.
You scratch the worm.
The worm is heavily wounded.
You scratch the worm.
The worm is severely wounded.
The worm closely misses you.
You don't have enough magic to cast this spell.
You barely miss the worm.
The worm is severely wounded.
You barely miss the worm.
The worm is severely wounded.
The worm bites you!
* * * LOW HITPOINT WARNING * * *
Aiming: Necrotize (safe; 3% risk of failure)
Press: ? - help, Q - select action, (/) - cycle Shift-Dir - straight line, f/p - worm
Aim: a worm (heavily wounded, chance to affect: 76%)
The worm barely resists.
You barely miss the worm.
The worm is heavily wounded.
The worm bites you.
You die...

########
#......#
#......#
+...w@.+
#......#
#......#
#......#
##+#.###
#.. #..
#..


You could see a worm.

Vanquished Creatures
  A dart slug (D:1)
  5 endoplasms (D:1)
  3 quokkas
  3 ball pythons (D:1)
  A bat (D:1)
  A rat (D:2)
14 creatures vanquished.

Vanquished Creatures (collateral kills)
  A kobold (D:2)
1 creature vanquished.

Grand Total: 15 creatures vanquished

Notes
Turn   | Place    | Note
-------+----------+-------------------------------------------
     0 | D:1      | Meatmasher the Ghoul Necromancer began the quest for the
                  | Orb.
     0 | D:1      | Reached XP level 1. HP: 14/14 MP: 2/2
   124 | D:1      | Found a faded altar of an unknown god.
   126 | D:1      | Prayed at the altar of an unknown god.
   126 | D:1      | Became a worshipper of Cheibriados the Contemplative
   126 | D:1      | Reached * piety under Cheibriados
   345 | D:1      | Reached XP level 2. HP: 20/20 MP: 0/3
   918 | D:2      | Slain by a worm

Illustrated notes

Levels and vault maps discovered:
D:1:      dpeg_arrival_houses_and_road, layout_basic,
          chequers_ecumenical_altar_twisty, minmay_misc_feat_square,
          dk_noncrumbling_3, minmay_misc_feat_plants
D:2:      layout_basic

Action                   || total
-------------------------++-------
Melee: Unarmed           ||    28
       Punch             ||     1
 Cast: Necrotize         ||    22
 Stab: Sleeping          ||     2
Armor: Robe              ||     2
Dodge: Dodged            ||    17

Table legend: (Time is in decaauts)
 A = Elapsed time spent in this place.
 B = Non-inter-level travel time spent in this place.
 C = Inter-level travel time spent in this place.
 D = Time resting spent in this place.
 E = Time spent auto-exploring this place.
 F = Levels seen in this place.
 G = Mean time per level.
                   A        B        C        D        E       F      G
               +--------+--------+--------+--------+--------+-----+--------+
         Total |   1152 |    878 |    274 |      0 |    732 |   2 |  576.0 |
       Dungeon |   1152 |    878 |    274 |      0 |    732 |   2 |  576.0 |
               +--------+--------+--------+--------+--------+-----+--------+

Top non-repeatable levels by time:
     D:1: 1105 daAuts
     D:2: 46 daAuts
